 Dungeon Crawl Stone Soup version 0.21.1-1-g345015f (webtiles) character file.

314 diana the Ducker (level 5, -6/41 HPs)
             Began as a Demigod Gladiator on June 3, 2018.
             Killed by nerve-wracking pain
             ... invoked by Grinder
              (7 damage)
             ... on level 4 of the Dungeon.
             The game lasted 00:06:43 (4051 turns).

diana the Ducker (Demigod Gladiator)                Turns: 4051, Time: 00:06:44

Health: -6/41      AC:  4    Str: 17    XL:     5   Next: 98%
Magic:  7/7        EV: 15    Int: 12    God:
Gold:   235        SH:  0    Dex: 19    Spells: 4/4 levels left

rFire    . . .     SeeInvis .   a - +0 long sword
rCold    . . .     Gourm    .   (no shield)
rNeg     . . .     Faith    .   b - +0 leather armour
rPois    .         Spirit   .   c - +0 helmet
rElec    .         Reflect  .   (no cloak)
rCorr    .         Harm     .   (no gloves)
MR       .....                  (no boots)
Stlth    +.........             (no amulet)
HPRegen  0.13/turn              (no ring)
MPRegen  0.10/turn              (no ring)

@: hasted, very quick
A: high mp 1
a: no special abilities


You were on level 4 of the Dungeon.
You were not hungry.

You visited 1 branch of the dungeon, and saw 4 of its levels.

You collected 235 gold pieces.

Inventory:

Hand Weapons
 a - a +0 long sword (weapon)
Missiles
 d - 2 throwing nets (quivered)
 k - 9 poisoned tomahawks
Armour
 b - a +0 leather armour (worn)
 c - a +0 helmet (worn)
Jewellery
 u - an uncursed ring of poison resistance {unknown}
Wands
 q - a wand of enslavement (20)
Scrolls
 g - 2 scrolls of fog {unknown}
 h - 3 scrolls of remove curse {unknown}
 j - a scroll of fear {unknown}
 m - 3 scrolls of identify {unknown}
 o - 3 scrolls of enchant armour {unknown}
 p - a scroll of teleportation {unknown}
 r - a scroll of noise {unknown}
 s - a scroll of blinking {unknown}
Potions
 i - 3 potions of degeneration {unknown}
 l - 2 potions of ambrosia {unknown}
 n - a potion of invisibility {unknown}
 v - a potion of mutation {unknown}
Comestibles
 f - 6 rations


   Skills:
 - Level 1.7 Fighting
 + Level 4.2 Long Blades
 - Level 1.7 Throwing
 * Level 5.4 Dodging


You had 4 spell levels left.
You didn't know any spells.

Dungeon Overview and Level Annotations

Branches:
Dungeon (4/15)
 Temple: D:4-7

Shops:
D:4 (

Annotations:
D:4 Grinder


Innate Abilities, Weirdness & Mutations

You have an increased reservoir of magic. (+10% MP)


Message History

Found a leather armour.
Grinder gestures at you.
You suddenly lose the ability to move!
Grinder struggles against the net.
Grinder struggles against the net.
Grinder gestures at you.
You struggle to resist.
Grinder struggles against the net.
The net rips apart, and Grinder comes free!
You can move again.
Grinder gestures at you. Pain shoots through your body!
* * * LOW HITPOINT WARNING * * *
Unknown command.
You feel yourself speed up.
Grinder blinks!
You feel better. Grinder gestures at you. Pain shoots through your body!
* * * LOW HITPOINT WARNING * * *
Grinder gestures at you. Pain shoots through your body!
You die...

....#.<.................#
....##........#....#.#########
....###......##.##.....###...#
........................##...#
#.......#####....#####.......#
.....>#.# ###5..## ##.#....#
...∩..#.###.....# ####.......#
.#........#.###.###......#†..#
###.......#. #.@...####.#...#
#####.#.# #.#...# #...###
##....###.##..# ###.#
...........## ###.##
...##.#.#.## ##....#
......[...#####..####
....###.....#...##
©................#
..##..##.......#


You could see Grinder.

Vanquished Creatures
  The ghost of Tarasboulda the Ruffian, an amateur DrTm (D:3)
  Natasha (thrice) (D:3)
  Robin (D:2)
  A gnoll (D:2)
  5 adders
  A dart slug (D:2)
  3 leopard geckos
  4 orcs (D:3)
  8 bats
  3 giant cockroaches
  17 goblins
  5 hobgoblins
  8 jackals
  8 kobolds
  2 quokkas (D:2)
  2 ball pythons
  2 frilled lizards
  7 rats
81 creatures vanquished.

Notes
Turn   | Place    | Note
-------+----------+-------------------------------------------
     0 | D:1      | diana the Demigod Gladiator began the quest for the Orb.
     0 | D:1      | Reached XP level 1. HP: 17/17 MP: 3/3
   432 | D:1      | Reached skill level 3 in Dodging
   507 | D:1      | Reached XP level 2. HP: 24/24 MP: 4/4
  1179 | D:2      | Reached XP level 3. HP: 9/29 MP: 5/5
  1486 | D:2      | Noticed Robin
  1499 | D:2      | Killed Robin
  1515 | D:2      | Reached skill level 4 in Dodging
  1604 | D:2      | Reached XP level 4. HP: 23/36 MP: 6/6
  2612 | D:3      | Noticed Tarasboulda's ghost (amateur DrTm)
  2635 | D:3      | Killed Tarasboulda's ghost
  2635 | D:3      | Reached skill level 5 in Dodging
  2635 | D:3      | Reached XP level 5. HP: 3/41 MP: 7/7
  3091 | D:3      | Noticed Natasha
  3100 | D:3      | Killed Natasha
  3260 | D:3      | Noticed Natasha
  3270 | D:3      | Killed Natasha
  3827 | D:3      | Noticed Natasha
  3835 | D:3      | Killed Natasha
  3926 | D:4      | Found Bemnaan's Antique Weapon Shoppe.
  4032 | D:4      | Noticed Grinder
  4039 | D:4      | Paralysed by Grinder for 5 turns
  4050 | D:4      | HP: 1/41 [Grinder/nerve-wracking pain (7)]
  4051 | D:4      | Killed from afar by Grinder

Skill      XL: |  1  2  3  4 |
---------------+-------------+-----
Dodging        | 3 4 5 |  5.4
Long Blades    | 3 4 |  4.2
Fighting       | |  1.7
Throwing       | |  1.7

Action                   |  1- 3 |  4- 6 || total
-------------------------+-------+-------++-------
Melee: Long sword        |   110 |   126 ||   236
Throw: Throwing net      |       |     1 ||     1
  Use: Potion            |     3 |     2 ||     5
 Stab: Held in net/web   |       |     1 ||     1
  Eat: Chunk             |     2 |     8 ||    10
Armor: Leather armour    |    42 |    22 ||    64
Dodge: Dodged            |   120 |   124 ||   244
       Rpst.: Long sword |    48 |    38 ||    86
